Unix NetHack Version 5.0.0-0 post-release - last build May  3 2026 23:40:34 (9823c992c0763bbd039eca2974112f46eaf799b3,branch:main).

Game began 2026-05-04 08:14:14, ended 2026-05-04 08:34:03.

2459783kj, chaotic female elven Ranger

       -----
       |=!)|            ------------
       |?%)|            |.>........|      ------------
       |??.|            |..........|      |..........|
       |...|           #.......{...|     #............###          #
       ---|-           #|..........|     #|..........|  #   -------|--
          #            #|..........|     #|..........|  # ##..d......|
          #           ##----|-------   ###-.----------  # # |(.......|
          ###       ###     #          #   ###          ` # |........|
            #      ##       @#        ##     ##         `###.........|
            #####  #         ##      ##       ##        ### ----------
        --------#  #          #      #         #        #
        |......|#  #          #      #         ###     ##
        |......|#  #          !      #           ### # #
        |......-|--#          ###    #           --.-|-#
        ----....?.|#           -.----#           |.%...#
           |..!....#           |.(..-############.....|
           |......|            |.<..|            |....|
           --------            ------            ------

2459783kj the Lookout        St:14 Dx:10 Co:14 In:13 Wi:14 Ch:7  Chaotic
Dlvl:2  $:29 HP:0(22) Pw:17(17) AC:7  Xp:3 T:1340  FoodPois

Latest messages:
 You hit the gecko.
 The gecko bites!
 You hit the gecko.
 You miss the gecko.
 You miss the gecko.
 You kill the gecko!
 The fox just misses!
 The fox bites!
 The fox bites!
 You kill the fox!
 You try to move the boulder, but in vain.
 You hit the gecko.
 The gecko bites!
 You kill the gecko!
 You see here a gecko corpse.
 You hear a slow drip.
 You see here a gecko corpse.
 s - a gecko corpse.
 You hear a slow drip.
 You see here a large box.
 You see here a milky potion.
 You see here a fox corpse.
 You have a little trouble lifting a fox corpse.  Continue? [ynq] (q) y
 You have a little trouble lifting t - a fox corpse.
 Your movements are slowed slightly because of your load.
 What do you want to eat? [fhjst or ?*] t
 Ulch - that meat was tainted!
 You feel deathly sick.
 (It must have died too long ago to be safe to eat.)
 Your movements are now unencumbered.
 What do you want to eat? [fhjs or ?*] ?
 Blecch!  Rotten food!
 The giant rat bites!
 The giant rat bites!
 Your sickness feels worse.
 You hit the giant rat.
 The giant rat bites!
 You miss the giant rat.
 The giant rat bites!
 Your sickness is severe.
 You hit the giant rat.
 The giant rat bites!
 You kill the giant rat!
 You are at Death's door.
 You die from your illness.
 Do you want your possessions identified? [ynq] (y) n
 Do you want to see your attributes? [ynq] (y) n
 Do you want an account of creatures vanquished? [ynaq] (y) n
 Do you want to see your conduct and achievements? [ynq] (y) n
 Do you want to see the dungeon overview? [ynq] (y) n

Inventory:
 Coins    ('$')
  $ - 29 gold pieces
 Weapons  (')')
  c - 55 +2 elven arrows (in quiver)
  r - a +2 elven arrow (wielded)
  d - 37 +0 elven arrows
  b - a +1 elven bow (alternate weapon; not wielded)
  a - a +1 elven dagger
  l - a +0 orcish dagger
 Armor    ('[')
  e - an uncursed +2 elven cloak (being worn)
 Comestibles  ('%')
  j - an uncursed food ration
  f - 5 uncursed lembas wafers
  h - 2 uncursed lichen corpses
 Tools    ('(')
  i - an uncursed oil lamp
 Gems/Stones  ('*')
  k - an uncursed worthless piece of violet glass
  o - 2 uncursed worthless pieces of white glass
 Boulders/Statues  ('`')
  g - an empty uncursed statue of a lichen

2459783kj the Ranger's attributes:

Background:
 You were a Lookout, a level 3 female elven Ranger.
 You were chaotic, nominally on a mission for Mars
 who was opposed by Mercury (lawful) and Venus (neutral).
 You were right-handed.
 You were in the Dungeons of Doom, on level 2.
 You entered the dungeon 1340 turns ago.
 There was a full moon in effect when your adventure ended.
 You had 61 experience points, 19 more were needed to attain level 4.

Basics:
 You had 0 out of 22 hit points.
 You had all 17 energy points (spell power).
 Your armor class was 7.
 Your wallet contained 29 zorkmids.
 Autopickup was off.

Final Characteristics:
 Your strength was 14 (peak:17, limit:18).
 Your dexterity was 10 (limit:18).
 Your constitution was 14 (limit:16).
 Your intelligence was 13 (limit:20).
 Your wisdom was 14 (limit:20).
 Your charisma was 7 (limit:18).

Final Status:
 You died from food poisoning.
 You weren't hungry.
 You were unencumbered.
 You were wielding an arrow.

Final Attributes:
 You were devoutly aligned.
 You had automatic searching.
 You had infravision.
 You were stealthy.
 You were warded.
 You were lucky.
 You are dead.

Miscellaneous:
 You didn't encounter any bones levels.
 Total elapsed playing time was 19 minutes and 46 seconds.

Major events:
 Turn
    1: 2459783kj the chaotic female elven Ranger entered the dungeon
 1002: attained the rank of Lookout (level 3)
 1340: poisoned by a rotted fox corpse

You didn't know any spells.

Skills:
 Fighting Skills
   bare handed combat [Unskilled]
   riding             [Unskilled]
 Weapon Skills
   dagger             [Basic]
   knife              [Unskilled]
   axe                [Unskilled]
   pick-axe           [Unskilled]
   short sword        [Unskilled]
   morning star       [Unskilled]
   flail              [Unskilled]
   hammer             [Unskilled]
   quarterstaff       [Unskilled]
   polearms           [Unskilled]
   spear              [Unskilled]
   trident            [Unskilled]
   bow                [Basic]
   sling              [Unskilled]
   crossbow           [Unskilled]
   dart               [Unskilled]
   shuriken           [Unskilled]
   boomerang          [Unskilled]
   whip               [Unskilled]
 Spellcasting Skills
   healing spells     [Unskilled]
   divination spells  [Unskilled]
   escape spells      [Unskilled]

Voluntary challenges:
 Character rerolling was not enabled.
 You were an atheist.
 You were illiterate.
 You never genocided any monsters.
 You never polymorphed an object.
 You never changed form.
 You used no wishes.
Achievements:
 You entered a shop.
 You attained the rank of Lookout.

 The Dungeons of Doom: levels 1 to 2
    Level 1:
       Some fountains.
    Level 2: <- You were here.
       A general store, a sink.
       Final resting place for
          you, poisoned by a rotted fox corpse.


Vanquished creatures:
  2 giant rats
  a gnome zombie
  4 geckos
  4 jackals
  2 foxes
  a goblin
  2 bats
  4 lichens
  a kobold zombie
  4 newts
25 creatures vanquished.

No species were genocided or became extinct.

Game over:
                       ----------
                      /          \
                     /    REST    \
                    /      IN      \
                   /     PEACE      \
                  /                  \
                  |    2459783kj     |
                  |      29 Au       |
                  |  poisoned by a   |
                  |    rotted fox    |
                  |      corpse      |
                  |                  |
                  |       2026       |
                 *|     *  *  *      | *
        _________)/\\_//(\/(/\)/\//\/|_)_______

Goodbye 2459783kj the Ranger...

You were poisoned in The Dungeons of Doom on dungeon level 2 with 321 points,
and 29 pieces of gold, after 1340 moves.
You were level 3 with a maximum of 22 hit points when you were poisoned.

